cohdb
Replays
Latest Replays
All Replays
Popular Replays
Top Player Replays
Match Explorer
How It Works
Community
CoH3 Stats
Reddit
Sign in to upload your games and track your stats! →
Sign in with Steam
Showdown at the Railyard Junction
Match 20859982
Overview
Messages
Build Orders
End
Construct Section Command Post
Royal Engineer Section
ML 3-inch Mortar Team
Infantry Section
Vickers Machine Gun Team
Construct Platoon Command Post
Infantry Section
Selects Heavy Armor Battlegroup
Selects Rigorous Vehicle Training
Light Vehicle Training
CMP 15cwt Truck
Unlock M3 Stuart Light Tanks
6-pounder Anti-tank Gun Team
Unlock Bishop Self-propelled Artillery
Bishop Self-propelled Artillery
Selects Crusader AA Medium Tank
6-pounder Anti-tank Gun Team
Infantry Training
CMP 15cwt Truck
Bishop Self-propelled Artillery
Team Weapon Training
Uberlicious
Tactical Nuclear Cow
ßoo
Corvus
Scarface
Mylaur
0
0
Comments
sign in to comment!
No comments posted yet!